TOP OF THE 1ST |
Ft. Polk South Thunder Hawks batting - Pitching for Glendale Herons : RHP Mike Barrett
|
Pitching: RHP Mike Barrett
|
|
Batting: SHB Francisco Reyes
|
0-0: Called Strike 0-1: Called Strike 0-2: Ball 1-2: Ground out 4-3 (Groundball, 4)
|
Batting: RHB Robbie Chambers
|
0-0: Foul Ball, location: 2F 0-1: Ball 1-1: SINGLE (Groundball, 56)
|
Batting: RHB Darrell Goldstein
|
0-0: Called Strike 0-1: Swinging Strike 0-2: Strikes out swinging
|
Batting: SHB Ted Hansen
|
0-0: Ball 1-0: Swinging Strike 1-1: Ball 2-1: Called Strike 2-2: Ball 3-2: Base on Balls Robbie Chambers to second
|
Batting: RHB Jack Peck
|
0-0: Fly out, F7 (Line Drive, 7M)
|
Top of the 1st over - 0 run(s), 1 hit(s), 0 error(s), 2 left on base; Ft. Polk South 0 - Glendale 0 |
BOTTOM OF THE 1ST |
Glendale Herons batting - Pitching for Ft. Polk South Thunder Hawks : RHP Jeff Moore
|
Pitching: RHP Jeff Moore
|
|
Batting: LHB Manny Rosário
|
0-0: Called Strike 0-1: Ball 1-1: Ball 2-1: Foul Ball, location: 2F 2-2: Fly out, F4 (Popup, 9S)
|
Batting: RHB José Villegas
|
0-0: Ball 1-0: DOUBLE (Line Drive, 7LS)
|
Batting: LHB Victor Adams
|
0-0: Foul Ball, location: 2F 0-1: Ground out U3 (Groundball, 3) José Villegas to third
|
Batting: LHB Sixto Álvarez
|
0-0: Swinging Strike 0-1: Swinging Strike 0-2: Ball 1-2: Ball 2-2: Ball 3-2: Strikes out looking
|
Bottom of the 1st over - 0 run(s), 1 hit(s), 0 error(s), 1 left on base; Ft. Polk South 0 - Glendale 0 |
TOP OF THE 2ND |
Ft. Polk South Thunder Hawks batting - Pitching for Glendale Herons : RHP Mike Barrett
|
Batting: RHB Tommy Stanley
|
0-0: Ball 1-0: Ball 2-0: Foul Ball, location: 2F 2-1: Foul Ball, location: 2F 2-2: Ball 3-2: Foul Ball, location: 2F 3-2: Foul Ball, location: 2F 3-2: Reached on error, E6 (Groundball, 6M)
|
Batting: SHB Paul Wright
|
0-0: Ball 1-0: Swinging Strike 1-1: Ball Tommy Stanley is caught stealing 2nd base 2-1: SINGLE (Groundball, 34D)
|
Batting: LHB José López
|
0-0: SINGLE (Flyball, 78S) Paul Wright to second
|
Batting: RHB Henry Weber
|
0-0: Foul Ball, location: 2F 0-1: Ball 1-1: Ground out 5-3 (Groundball, 56S) Paul Wright to third José López to second
|
Batting: SHB Francisco Reyes
|
0-0: Ball 1-0: Fly out, F8 (Popup, 8LS)
|
Top of the 2nd over - 0 run(s), 2 hit(s), 1 error(s), 2 left on base; Ft. Polk South 0 - Glendale 0 |
BOTTOM OF THE 2ND |
Glendale Herons batting - Pitching for Ft. Polk South Thunder Hawks : RHP Jeff Moore
|
Batting: RHB Gilbert Graham
|
0-0: Called Strike 0-1: Called Strike 0-2: Foul Ball, location: 2F 0-2: Strikes out swinging
|
Batting: SHB Wilbert Carter
|
0-0: Fly out, F5 (Popup, 5SF)
|
Batting: RHB José Masaferro
|
0-0: Ball 1-0: Called Strike 1-1: Swinging Strike 1-2: Foul Ball, location: 2F 1-2: Foul Ball, location: 2F 1-2: Ground out 4-3 (Groundball, 4)
|
Bottom of the 2nd over - 0 run(s), 0 hit(s), 0 error(s), 0 left on base; Ft. Polk South 0 - Glendale 0 |
TOP OF THE 3RD |
Ft. Polk South Thunder Hawks batting - Pitching for Glendale Herons : RHP Mike Barrett
|
Batting: RHB Robbie Chambers
|
0-0: Fly out, F8 (Flyball, 8LM)
|
Batting: RHB Darrell Goldstein
|
0-0: Ground out 1-3 (Groundball, 25)
|
Batting: SHB Ted Hansen
|
0-0: Ground out 4-3 (Groundball, 4)
|
Top of the 3rd over - 0 run(s), 0 hit(s), 0 error(s), 0 left on base; Ft. Polk South 0 - Glendale 0 |
BOTTOM OF THE 3RD |
Glendale Herons batting - Pitching for Ft. Polk South Thunder Hawks : RHP Jeff Moore
|
Batting: RHB Héctor Moreno
|
0-0: Ball 1-0: Ball 2-0: Called Strike 2-1: Foul Ball, location: 2F 2-2: Strikes out swinging
|
Batting: LHB Job Pels
|
0-0: SINGLE (Groundball, 3S)
|
Batting: LHB Manny Rosário
|
0-0: SINGLE (Line Drive, 9S) Job Pels to second Runner from 2nd tries for 3rd, SAFE, throw made to third
|
Batting: RHB José Villegas
|
0-0: Ball 1-0: Called Strike 1-1: Hit by Pitch Manny Rosário to second
|
Batting: LHB Victor Adams
|
0-0: SINGLE (Line Drive, 9S) Job Pels scores Manny Rosário to third José Villegas to second
|
Batting: LHB Sixto Álvarez
|
0-0: Called Strike 0-1: Swinging Strike 0-2: Foul Ball, location: 2F 0-2: Ball 1-2: Ball 2-2: Ball 3-2: Foul Ball, location: 2F 3-2: Foul Ball, location: 2F 3-2: Fly out, F7 (Flyball, 7LD) Runner from 3rd tags up, SCORES, no throw José Villegas to third
|
Batting: RHB Gilbert Graham
|
0-0: Ball 1-0: Ground out 6-3 (Groundball, 6)
|
Bottom of the 3rd over - 2 run(s), 3 hit(s), 0 error(s), 2 left on base; Ft. Polk South 0 - Glendale 2 |
TOP OF THE 4TH |
Ft. Polk South Thunder Hawks batting - Pitching for Glendale Herons : RHP Mike Barrett
|
Batting: RHB Jack Peck
|
0-0: Ground out U3 (Groundball, 3)
|
Batting: RHB Tommy Stanley
|
0-0: Fly out, F8 (Flyball, 89M)
|
Batting: SHB Paul Wright
|
0-0: TRIPLE (Flyball, 8RD)
|
Batting: LHB José López
|
0-0: Ball 1-0: Called Strike 1-1: Ball 2-1: Ground out U3 (Groundball, 3S)
|
Top of the 4th over - 0 run(s), 1 hit(s), 0 error(s), 1 left on base; Ft. Polk South 0 - Glendale 2 |
BOTTOM OF THE 4TH |
Glendale Herons batting - Pitching for Ft. Polk South Thunder Hawks : RHP Jeff Moore
|
Batting: SHB Wilbert Carter
|
0-0: Ball 1-0: Ball 2-0: Foul Ball, location: 2F 2-1: Foul Ball, location: 2F 2-2: Ball 3-2: Foul Ball, location: 2F 3-2: Base on Balls
|
Batting: RHB José Masaferro
|
0-0: Ball 1-0: Swinging Strike 1-1: Swinging Strike 1-2: Reached on error, E3 (Groundball, 3L) Wilbert Carter to second
|
Batting: RHB Héctor Moreno
|
0-0: Foul Ball, location: 2F 0-1: Ball 1-1: Swinging Strike 1-2: SINGLE (Line Drive, 34D) Wilbert Carter to third José Masaferro to second
|
Batting: LHB Job Pels
|
0-0: Ball 1-0: Fielders Choice at 2nd, 3-6 (Groundball, 3) Wilbert Carter scores José Masaferro to third
|
Batting: LHB Manny Rosário
|
0-0: Ball 1-0: Ball 2-0: Called Strike 2-1: Foul Ball, location: 2F 2-2: Ball 3-2: Base on Balls Job Pels to second
|
Batting: RHB José Villegas
|
0-0: Called Strike 0-1: Foul Ball, location: 2F 0-2: Ball 1-2: Strikes out swinging
|
Batting: LHB Victor Adams
|
0-0: Ball 1-0: Ball 2-0: Foul Ball, location: 2F 2-1: Ball 3-1: Foul Ball, location: 2F 3-2: Base on Balls José Masaferro scores Job Pels to third Manny Rosário to second
|
Batting: LHB Sixto Álvarez
|
0-0: Ball 1-0: Foul Ball, location: 2F 1-1: Foul Ball, location: 2F 1-2: Ball 2-2: Foul Ball, location: 2F 2-2: SINGLE (Groundball, 34D) Job Pels scores Manny Rosário to third Victor Adams to second Runner from 3rd tries for Home, SAFE, no throw or cutoff
|
Pitching: LHP Joaquín Soto
|
|
Batting: RHB Gilbert Graham
|
0-0: Swinging Strike 0-1: Ball 1-1: Ball 2-1: Foul Ball, location: 2F 2-2: Fly out, F8 (Flyball, 8RXD)
|
Bottom of the 4th over - 4 run(s), 2 hit(s), 1 error(s), 2 left on base; Ft. Polk South 0 - Glendale 6 |
TOP OF THE 5TH |
Ft. Polk South Thunder Hawks batting - Pitching for Glendale Herons : RHP Mike Barrett
|
Batting: RHB Henry Weber
|
0-0: Foul Ball, location: 2F 0-1: Swinging Strike 0-2: Ball 1-2: Ball 2-2: Ball 3-2: Ground out 4-3 (Groundball, 4)
|
Batting: SHB Francisco Reyes
|
0-0: Ball 1-0: SINGLE (Line Drive, 6M)
|
Batting: RHB Robbie Chambers
|
0-0: Ball Francisco Reyes steals 2nd base 1-0: Called Strike 1-1: Ball 2-1: Swinging Strike 2-2: Foul Ball, location: 2F 2-2: Ball 3-2: Foul Ball, location: 2F 3-2: Base on Balls
|
Batting: RHB Darrell Goldstein
|
0-0: Fly out, F9 (Flyball, 89M)
|
Batting: SHB Ted Hansen
|
0-0: Ball 1-0: Ball 2-0: Ball 3-0: Base on Balls Francisco Reyes to third Robbie Chambers to second
|
Batting: RHB Jack Peck
|
0-0: Called Strike 0-1: Ball 1-1: Called Strike 1-2: Strikes out looking
|
Top of the 5th over - 0 run(s), 1 hit(s), 0 error(s), 3 left on base; Ft. Polk South 0 - Glendale 6 |
BOTTOM OF THE 5TH |
Glendale Herons batting - Pitching for Ft. Polk South Thunder Hawks : LHP Joaquín Soto
|
Batting: SHB Wilbert Carter
|
0-0: Ball 1-0: Ball 2-0: Ball 3-0: Called Strike 3-1: Called Strike 3-2: SINGLE (Groundball, 56) (infield hit)
|
Batting: RHB José Masaferro
|
0-0: Bunted foul 0-1: Bunted foul 0-2: Fly out, F3 (Popup, 3F)
|
Batting: RHB Héctor Moreno
|
0-0: Called Strike 0-1: Ball 1-1: Called Strike 1-2: 2-RUN HOME RUN (Flyball, 7D), Distance : 364 ft
|
Batting: LHB Job Pels
|
0-0: Ball 1-0: Swinging Strike 1-1: Ground out 4-3 (Groundball, 34)
|
Batting: LHB Manny Rosário
|
0-0: Ball 1-0: Foul Ball, location: 2F 1-1: Ball 2-1: Fly out, F5 (Popup, 5S)
|
Bottom of the 5th over - 2 run(s), 2 hit(s), 0 error(s), 0 left on base; Ft. Polk South 0 - Glendale 8 |
TOP OF THE 6TH |
Ft. Polk South Thunder Hawks batting - Pitching for Glendale Herons : RHP Mike Barrett
|
Batting: RHB Tommy Stanley
|
0-0: Ball 1-0: Foul Ball, location: 2F 1-1: Ground out U3 (Groundball, 3L)
|
Batting: SHB Paul Wright
|
0-0: Swinging Strike 0-1: Ball 1-1: Ball 2-1: Ball 3-1: Bunt for hit - play at first, batter OUT! 1-3
|
Batting: LHB José López
|
0-0: Ball 1-0: Ball 2-0: SINGLE (Groundball, 3D)
|
Batting: RHB Henry Weber
|
0-0: Hit by Pitch José López to second
|
Batting: SHB Francisco Reyes
|
0-0: Ball 1-0: Swinging Strike 1-1: Foul Ball, location: 2F 1-2: Foul Ball, location: 2F 1-2: Ball 2-2: Fielders Choice at 2nd, 6-4 (Groundball, 6MS)
|
Top of the 6th over - 0 run(s), 1 hit(s), 0 error(s), 1 left on base; Ft. Polk South 0 - Glendale 8 |
BOTTOM OF THE 6TH |
Glendale Herons batting - Pitching for Ft. Polk South Thunder Hawks : LHP Joaquín Soto
|
Batting: RHB José Villegas
|
0-0: Ball 1-0: Foul Ball, location: 2F 1-1: Ground out 4-3 (Groundball, 4)
|
Batting: LHB Victor Adams
|
0-0: SINGLE (Groundball, 5D)
|
Batting: LHB Sixto Álvarez
|
0-0: Ball 1-0: Foul Ball, location: 2F 1-1: Ball 2-1: Called Strike 2-2: Foul Ball, location: 2F 2-2: Ball 3-2: Fly out, F7 (Flyball, 78M)
|
Batting: RHB Gilbert Graham
|
0-0: Ball 1-0: Called Strike 1-1: Ball 2-1: SINGLE (Groundball, 6M) Victor Adams to second Runner from 2nd tries for 3rd, SAFE, throw made to third
|
Batting: SHB Wilbert Carter
|
0-0: Foul Ball, location: 2F 0-1: Ball 1-1: Ball 2-1: Ball 3-1: Foul Ball, location: 2F 3-2: SINGLE (Line Drive, 89S) Victor Adams scores Gilbert Graham to second Gilbert Graham to third
|
Pitching: RHP Dean Hill
|
|
Batting: RHB José Masaferro
|
0-0: Ball 1-0: Called Strike 1-1: Foul Ball, location: 2F 1-2: Ball 2-2: Ground out 1-3 (Groundball, 23)
|
Bottom of the 6th over - 1 run(s), 3 hit(s), 0 error(s), 2 left on base; Ft. Polk South 0 - Glendale 9 |
TOP OF THE 7TH |
Ft. Polk South Thunder Hawks batting - Pitching for Glendale Herons : RHP Mike Barrett
|
Batting: RHB Robbie Chambers
|
0-0: Ball 1-0: Foul Ball, location: 2F 1-1: Ground out 6-3 (Groundball, 6)
|
Batting: RHB Darrell Goldstein
|
0-0: Called Strike 0-1: Ball 1-1: Ground out 4-3 (Groundball, 4)
|
Batting: SHB Ted Hansen
|
0-0: Called Strike 0-1: Ball 1-1: Swinging Strike 1-2: Ball 2-2: Ground out 6-3 (Groundball, 6)
|
Top of the 7th over - 0 run(s), 0 hit(s), 0 error(s), 0 left on base; Ft. Polk South 0 - Glendale 9 |
BOTTOM OF THE 7TH |
Glendale Herons batting - Pitching for Ft. Polk South Thunder Hawks : RHP Dean Hill
|
Batting: RHB Héctor Moreno
|
0-0: Called Strike 0-1: Foul Ball, location: 2F 0-2: Ball 1-2: SOLO HOME RUN (Flyball, 78XD), Distance : 381 ft
|
Batting: LHB Job Pels
|
0-0: Called Strike 0-1: Ball 1-1: Foul Ball, location: 2F 1-2: Foul Ball, location: 2F 1-2: Ball 2-2: Fly out, F4 (Popup, 4M)
|
Batting: LHB Manny Rosário
|
0-0: Ball 1-0: Ball 2-0: Ball 3-0: Base on Balls
|
Batting: RHB José Villegas
|
0-0: Ball Manny Rosário is caught stealing 2nd base 1-0: Called Strike 1-1: Ball 2-1: Ball 3-1: Swinging Strike 3-2: SINGLE (Flyball, 8LS)
|
Batting: LHB Victor Adams
|
0-0: Fly out, F9 (Flyball, 89M)
|
Bottom of the 7th over - 1 run(s), 2 hit(s), 0 error(s), 1 left on base; Ft. Polk South 0 - Glendale 10 |
TOP OF THE 8TH |
Ft. Polk South Thunder Hawks batting - Pitching for Glendale Herons : RHP Mike Barrett
|
Now in LF: Bill Childers
|
|
Batting: RHB Jack Peck
|
0-0: Called Strike 0-1: Foul Ball, location: 2F 0-2: Ball 1-2: Ball 2-2: Ground out 4-3 (Groundball, 4)
|
Batting: RHB Tommy Stanley
|
0-0: Ball 1-0: Foul Ball, location: 2F 1-1: Ball 2-1: Ball 3-1: Base on Balls
|
Batting: SHB Paul Wright
|
0-0: Ball 1-0: Swinging Strike 1-1: Swinging Strike 1-2: Fielders Choice at 2nd, U4 (Groundball, 4)
|
Batting: LHB José López
|
0-0: Ball 1-0: Called Strike 1-1: Fly out, F7 (Flyball, 7M)
|
Top of the 8th over - 0 run(s), 0 hit(s), 0 error(s), 1 left on base; Ft. Polk South 0 - Glendale 10 |
BOTTOM OF THE 8TH |
Glendale Herons batting - Pitching for Ft. Polk South Thunder Hawks : RHP Dean Hill
|
Batting: LHB Sixto Álvarez
|
0-0: Ball 1-0: Swinging Strike 1-1: Ball 2-1: Ball 3-1: Base on Balls
|
Batting: RHB Gilbert Graham
|
0-0: Grounds into double play, 5-4-3 (Groundball, 5L)
|
Batting: SHB Wilbert Carter
|
0-0: Ball 1-0: Called Strike 1-1: Foul Ball, location: 2F 1-2: Foul Ball, location: 2F 1-2: Ball 2-2: Foul Ball, location: 2F 2-2: Foul Ball, location: 2F 2-2: Foul Ball, location: 2F 2-2: Strikes out swinging
|
Bottom of the 8th over - 0 run(s), 0 hit(s), 0 error(s), 0 left on base; Ft. Polk South 0 - Glendale 10 |
TOP OF THE 9TH |
Ft. Polk South Thunder Hawks batting - Pitching for Glendale Herons : RHP Mike Barrett
|
Pitching: RHP Justin Jamerson
|
|
Batting: RHB Henry Weber
|
0-0: Ball 1-0: Called Strike 1-1: Ball 2-1: Called Strike 2-2: Fly out, F5 (Popup, 5S)
|
Batting: SHB Francisco Reyes
|
0-0: Ball 1-0: SINGLE (Groundball, 3D)
|
Batting: RHB Robbie Chambers
|
0-0: Called Strike 0-1: Ball 1-1: Ball 2-1: Ball 3-1: Fly out, F7 (Flyball, 7M)
|
Batting: RHB Darrell Goldstein
|
0-0: Ball 1-0: Foul Ball, location: 2F 1-1: Called Strike 1-2: Strikes out swinging
|
Top of the 9th over - 0 run(s), 1 hit(s), 0 error(s), 1 left on base; Ft. Polk South 0 - Glendale 10 |
|